 Dungeon Crawl Stone Soup version 0.26.1-11-gd32895ea62 (webtiles) character file.

Game seed: 4686476909849338123

37 Zeld the Chopper (level 3, 0/34 HPs)
             Began as a Hill Orc Monk on Sept 2, 2021.
             Succumbed to a goblin's poison
             ... on level 3 of the Dungeon.
             The game lasted 00:01:58 (1871 turns).

Zeld the Chopper (Hill Orc Monk)                    Turns: 1871, Time: 00:01:58

Health: 0/34       AC:  2    Str: 14    XL:     3   Next: 41%
Magic:  3/3        EV: 13    Int: 10    God:
Gold:   106        SH:  0    Dex: 13    Spells: 2/2 levels left

rFire    . . .     SeeInvis .   a - +0 war axe
rCold    . . .     Faith    .   (no shield)
rNeg     . . .     Spirit   .   b - +0 robe
rPois    .         Reflect  .   (no helmet)
rElec    .         Harm     .   (no cloak)
rCorr    .         Rampage  .   (no gloves)
Will     .....                  (no boots)
Stlth    ++........             (no amulet)
HPRegen  0.11/turn              (no ring)
MPRegen  0.08/turn              (no ring)

@: lethally poisoned (0 -> -11)
A: no striking features
a: no special abilities


You were on level 3 of the Dungeon.
You visited 1 branch of the dungeon, and saw 3 of its levels.

You collected 106 gold pieces.

Inventory:

Hand Weapons
 a - a +0 war axe (weapon)
Armour
 b - a +0 robe (worn)
Wands
 n - a wand of iceblast (11)
Scrolls
 f - 4 scrolls of identify {unknown}
 g - a scroll of teleportation {unknown}
 k - 2 scrolls of amnesia {unknown}
 l - a scroll of remove curse {unknown}
Potions
 c - a potion of lignification {unknown}
 d - 2 potions of heal wounds {unknown}
 e - 3 potions of attraction {unknown}
 h - 2 potions of berserk rage {unknown}
 i - 2 potions of curing {unknown}
 j - a potion of degeneration {unknown}
 m - a potion of mutation {unknown}


   Skills:
 * Level 4.3 Fighting
 * Level 4.6 Axes
 + Level 1.0 Armour
 + Level 2.6 Dodging
 - Level 1.5 Stealth


You had 2 spell levels left.
You didn't know any spells.
Your spell library was empty.

Dungeon Overview and Level Annotations

Branches:
Dungeon (3/15)

Altars:
Gozag
Makhleb
Wu Jian

Annotations:
D:2 Sigmund


Message History

You see here a ring mail.
You feel sick. The bat hits you but does no damage.
You feel sick. The bat closely misses you.
You feel sick.
Press: ? - help, v - describe, . - travel
Here: a goblin, wielding a +3 dagger of venom The floor.
* * * LOW HITPOINT WARNING * * *
You feel sick. The bat closely misses you.
* * * LOW HITPOINT WARNING * * *
You feel sick. The quokka bites you.
* * * LOW HITPOINT WARNING * * *
* * * LOW HITPOINT WARNING * * *
You feel sick.
* * * LOW HITPOINT WARNING * * *
You feel sick.
Found a stone staircase leading down.
* * * LOW HITPOINT WARNING * * *
You feel sick.
You die...

........####.....##.....#.....
###.....# #..##.##..._[......
# #.#.#.####..##.##gZ[........
# #(...............g###..?....
# ##(..#g#### ....... #
###...#b######.......
.......r........##.#.
####...........!# .#
.>.....@#####...# # ......#.#
.## ####...#. #..# #. ... ..
##. ## #. #


You could see a quokka, a goblin and a bat.

Vanquished Creatures
  An adder (D:3)
  2 dart slugs
  2 giant cockroaches
  2 goblins
  3 hobgoblins
  2 quokkas
  A ball python (D:1)
  2 bats
  A frilled lizard (D:3)
  6 kobolds
  4 rats
26 creatures vanquished.

Notes
Turn   | Place    | Note
-------+----------+-------------------------------------------
     0 | D:1      | Zeld the Hill Orc Monk began the quest for the Orb.
     0 | D:1      | Reached XP level 1. HP: 19/19 MP: 1/1
   122 | D:1      | Reached XP level 2. HP: 26/27 MP: 2/2
   767 | D:2      | Noticed Sigmund
  1145 | D:2      | Found an ornate altar of the Wu Jian Council.
  1716 | D:3      | Reached XP level 3. HP: 33/33 MP: 3/3
  1757 | D:3      | Found an opulent altar of Gozag.
  1805 | D:3      | Reached skill level 1 in Armour
  1844 | D:3      | Found a burning altar of Makhleb.
  1870 | D:3      | HP: 1/34 [poisoned by a goblin]
  1871 | D:3      | Succumbed to a goblin's poison

Illustrated notes

Levels and vault maps discovered:
D:1:      psy_arrival_whirlpool, layout_loops_ring
D:2:      layout_loops_ring, pdpol_wu_jian_five_deadly_venoms,
          minmay_stone_trees_large, uniq_sigmund
D:3:      layout_loops_ring, nicolae_dithmenos_through_a_glass_darkly,
          grunt_gozag_statues, bloody_makhleb

Skill      XL: |  1  2  3 |
---------------+----------+-----
Fighting       | 4 |  4.3
Armour         | 1 |  1.0
Axes           | |  4.6
Dodging        | |  2.6
Stealth        | |  1.5

Action                   || total
-------------------------++-------
Melee: Hand axe          ||    43
       War axe           ||    23
 Stab: Sleeping          ||     2
       Distracted        ||     1
Armor: Robe              ||    15
Dodge: Dodged            ||    59
